cohdb
Replays
Latest Replays
All Replays
Popular Replays
Top Player Replays
Match Explorer
How It Works
Community
CoH3 Stats
Reddit
Sign in to upload your games and track your stats! →
Sign in with Steam
Match 42242732
Unlisted
Match 42242732
Overview
Messages
Build Orders
End
Construct Infanterie Kompanie
Selects Terror Battlegroup
Selects Machine Gun Camouflage
MG 42 Machine Gun Team
Grenadier Squad
Grenadier Squad
Infanterie Officer Quarters
Selects Contempt for the Weak
Medical Station
Construct Panzergrenadier Kompanie
Pak 40 Anti-tank Gun Team
251 Medium Carrier
Grenadier Squad
Selects Jericho Trumpet
Construct Panzer Kompanie
Jericho Trumpet
Stoßtruppen Squad
Selects V1 Rocket Strike
MiniMarko
SuurSaadik
☨ L o r d
Can't spell Trump without RU
Kanade
T-800SEP
diritar
Fey Mood
0
0
Comments
sign in to comment!
No comments posted yet!